 Dungeon Crawl Stone Soup version 0.29.1-13-g9f3cf754e1 (webtiles) character file.

Game seed: 16150666721501856574

70 Thatpatchoflichen the Trooper (level 4, -5/48 HPs)
             Began as an Ogre Monk on Feb 3, 2023.
             Slain by a gnoll
             ... wielding a +2 halberd of protection
              (12 damage)
             ... on level 3 of the Dungeon.
             The game lasted 00:03:37 (3479 turns).

Thatpatchoflichen the Trooper (Ogre Monk)           Turns: 3479, Time: 00:03:38

Health: -5/48      AC:  3    Str: 15    XL:     4   Next: 22%
Magic:  4/4        EV: 11    Int: 11    God:
Gold:   111        SH:  0    Dex: 13    Spells: 3/3 levels left

rFire   . . .      SeeInvis .   a - +0 mace
rCold   . . .      Faith    .   (no shield)
rNeg    . . .      Spirit   .   b - +0 robe
rPois   .          Reflect  .   (helmet restricted)
rElec   .          Harm     .   (no cloak)
rCorr   .          Rampage  .   (gloves unavailable)
Will    .....                   (boots unavailable)
Stlth   ++........              (no amulet)
HPRegen 0.16/turn               (no ring)
MPRegen 0.09/turn               (no ring)

@: no status effects
A: large, unfitting armour, tough skin 1
a: no special abilities


You were on level 3 of the Dungeon.
You visited 1 branch of the dungeon, and saw 3 of its levels.

You collected 111 gold pieces.

Inventory:

Hand Weapons
 a - a +0 mace (weapon)
 p - a +2 short sword of venom
Missiles
 o - 4 poisoned darts (quivered)
Armour
 b - a +0 robe (worn)
Jewellery
 e - a ring of magical power
 l - a +4 ring of protection
Scrolls
 d - a scroll of enchant armour {unknown}
 h - a scroll of torment {unknown}
 m - 2 scrolls of poison {unknown}
 q - a scroll of teleportation {unknown}
Potions
 c - a potion of ambrosia
 f - a potion of flight {unknown}
 g - 3 potions of degeneration {unknown}
 i - a potion of berserk rage {unknown}
 j - 2 potions of heal wounds {unknown}
 k - 2 potions of curing {unknown}
 n - a potion of mutation {unknown}


   Skills:
 - Level 4.0 Fighting
 + Level 3.5 Maces & Flails
 + Level 3.5 Dodging
 - Level 2.0 Stealth


You had 3 spell levels left.
You didn't know any spells.
Your spell library was empty.

Dungeon Overview and Level Annotations

Branches:
Dungeon (3/15)

Altars:

Shops:
D:2 (


Innate Abilities, Weirdness & Mutations

You are too large for most types of armour.
You have tough skin. (AC +1)


Message History

You hit the jackal but do no damage.
The jackal bites you but does no damage.
The jackal closely misses you.
You hit the jackal.
You kill the jackal!
The jackal barely misses you.
You completely miss the jackal. The jackal closely misses you.
The jackal bites you.
You barely miss the jackal. The jackal misses you.
You barely miss the jackal. The jackal bites you.
The jackal completely misses you.
You hit the jackal.
The jackal is almost dead.
The jackal barely misses you. The jackal closely misses you.
You sock the jackal!
You kill the jackal!
You completely miss the jackal. The jackal bites you. x2
You closely miss the jackal. The jackal barely misses you.
The jackal bites you but does no damage.
You hit the jackal.
You kill the jackal!
The gnoll closely misses you.
You hit the jackal.
You kill the jackal!
The gnoll hits you but does no damage.
You hit the gnoll.
The gnoll is lightly wounded.
The gnoll misses you.
The gnoll hits you from afar with a +0 halberd!
You closely miss the gnoll.
The gnoll is lightly wounded.
The gnoll hits you with a +0 whip.
The gnoll hits you from afar with a +0 halberd!
* * * LOW HITPOINT WARNING * * *
The gnoll attacks as you move away! The gnoll hits you with a +0 whip.
* * * LOW HITPOINT WARNING * * *
The gnoll attacks as you move away! The gnoll hits you with a +0 whip.
* * * LOW HITPOINT WARNING * * *
The gnoll hits you with a +2 halberd of protection!
You die...

## .... ..
...
##.#..#####
#..#...)...
.......h..
#.........
##...^.....
###..<#
#.@g.##
#.##†#
#g##g#
#g#..#
#...##
#####


You could see 3 gnolls.

Vanquished Creatures
  3 worms
  5 bats
  3 endoplasms
  3 giant cockroaches
  5 goblins (D:1)
  6 hobgoblins
  10 jackals
  2 quokkas
  4 ball pythons
  3 frilled lizards
  4 kobolds
  7 rats
55 creatures vanquished.

Notes
Turn   | Place    | Note
-------+----------+-------------------------------------------
     0 | D:1      | Thatpatchoflichen the Ogre Monk began the quest for the
                  | Orb.
     0 | D:1      | Reached XP level 1. HP: 24/24 MP: 1/1
   131 | D:1      | Reached XP level 2. HP: 31/32 MP: 2/2
   586 | D:1      | Reached XP level 3. HP: 38/39 MP: 3/3
   898 | D:1      | Found a faded altar of an unknown god.
  2502 | D:2      | Found Rastreoc's Weapon Emporium.
  2591 | D:2      | Reached XP level 4. HP: 3/48 MP: 4/4
  3479 | D:3      | Slain by a gnoll

Illustrated notes

Levels and vault maps discovered:
D:1:      psy_arrival_statuary, layout_basic, ebering_ecumenical_altar_webs
D:2:      layout_basic, serial_shops, nicolae_lakefront_shop, minivault_25
D:3:      layout_rooms, mainiacjoe_overflow_alcove_1,
          mainiacjoe_overflow_tiny_flanked, serial_shops, nicolae_shop_trees,
          portal_sewer_entry_f, uniq_ijyb

Skill      XL: |  1  2  3 |
---------------+----------+-----
Maces & Flails | 3 |  3.5
Dodging        | 3 |  3.5
Stealth        | 2 |  2.0
Fighting       | |  4.0

Action                   |  1- 3 |  4- 6 || total
-------------------------+-------+-------++-------
Melee: Mace              |   162 |    22 ||   184
       Punch             |     2 |       ||     2
 Stab: Sleeping          |     4 |       ||     4
Armor: Robe              |    45 |     4 ||    49
Dodge: Dodged            |   104 |    17 ||   121
